Cogmind - Beta 14 @@@ ROGUE MODE // 2024.09.15 @ 10:49:31 Player: rice Result: Self-destructed Performance ------------- Evolutions (2) 1000 Regions Visited (5) 1000 Robots Destroyed (57) 285 Value Destroyed (1645) 1645 Prototype IDs (26) 520 Alien Tech Used (0) 0 Bonus (160) 160 TOTAL SCORE: 4610 Bonus ------- Follower Combat Kills 160 Cogmind --------- Core Integrity 326/550 Matter 203/300 Energy 160/160 System Corruption 0% Temperature Cool (97) Movement Treading (240) Ox1 Location -8/Materials Parts ------- > --- POWER (1) -------- Light Nuclear Core > --- PROPULSION (3) --- Light Treads Improved Treads > --- UTILITY (5) ------ Heat Sink High-capacity Storage Unit Signal Interpreter Makeshift System Shield > --- WEAPON (2) ------- Improved Medium Laser > --- INVENTORY (20) --- Micro Nuclear Core Micro Nuclear Core Micro Nuclear Core Micro Nuclear Core Light Treads Light Treads Improved Treads Improved Treads Improved Treads High-capacity Matter Pod (200) Makeshift Salvage Targeting Computer Makeshift Cloaking Device Improved Field Recycling Unit (0) PSU Rigger Improved Medium Laser Advanced Assault Cannon Grenade Launcher Rocket Launcher Mining Claw Peak State ------------ > --- POWER ------------ Ion Engine > --- PROPULSION ------- Light Treads Improved Treads Improved Treads > --- UTILITY ---------- Heat Sink High-capacity Storage Unit Signal Interpreter Makeshift System Shield PSU Rigger > --- WEAPON ----------- Heavy EM Shotgun Advanced Assault Cannon > --- INVENTORY -------- Light Nuclear Core Micro Nuclear Core Micro Nuclear Core Micro Nuclear Core Micro Nuclear Core Light Treads Light Treads Improved Treads Improved Treads Improved Treads Improved Treads High-capacity Matter Pod Makeshift Salvage Targeting Computer Makeshift Cloaking Device Improved Field Recycling Unit Light Assault Rifle Grenade Launcher Rocket Launcher Mining Claw [Rating: 33] Favorites ----------- Power Light Nuclear Core Engine Ion Engine Power Core Light Nuclear Core Propulsion Improved Treads Treads Improved Treads Leg Aluminum Leg Utility High-capacity Storage Unit Device Heat Sink Storage High-capacity Storage Unit Processor Signal Interpreter Hackware Makeshift System Shield Protection Improved Propulsion Shielding Weapon Light Assault Rifle Energy Gun EM Pulse Gun Ballistic Gun Light Assault Rifle Ballistic Cannon Advanced Assault Cannon Launcher Grenade Launcher Slashing Weapon Mining Claw Build | -11 -10 -10 -10 -9 -8 ------- Run | Yrd Mat Min Exi Min Mat Slots Evolved 4 | . . . . . 4 Power . | . . . . . . Propulsion 1 | . . . . . 1 Utility 3 | . . . . . 3 Weapon . | . . . . . . Parts Attached 60 | 7 14 11 2 9 17 Power 7 | 1 2 1 . 1 2 Engine 4 | 1 2 . . 1 . Core 3 | . . 1 . . 2 Reactor . | . . . . . . Propulsion 10 | 2 3 1 1 . 3 Treads 8 | . 3 1 1 . 3 Leg 2 | 2 . . . . . Wheel . | . . . . . . Hover . | . . . . . . Flight . | . . . . . . Utility 16 | 1 5 2 1 2 5 Device 7 | . 2 2 . 2 1 Storage 5 | 1 3 . 1 . . Processor 1 | . . . . . 1 Hackware 1 | . . . . . 1 Protection 2 | . . . . . 2 Artifact . | . . . . . . Weapon 27 | 3 4 7 . 6 7 Energy Gun 7 | 1 1 2 . . 3 Energy Cannon . | . . . . . . Ballistic Gun 15 | 2 3 4 . 5 1 Ballistic Cannon 2 | . . . . . 2 Launcher 2 | . . . . 1 1 Special Weapon . | . . . . . . Impact Weapon . | . . . . . . Slashing Weapon 1 | . . 1 . . . Piercing Weapon . | . . . . . . Special Melee Weapon . | . . . . . . Unidentified Prototypes 1 | . . . . . 1 Parts Lost 13 | . 1 4 . 1 7 Power 2 | . . 1 . . 1 Propulsion 3 | . . 1 . . 2 Utility 4 | . . 1 . 1 2 Weapon 4 | . 1 1 . . 2 Highest Loss Streak 4 | . 1 4 . 1 3 To Critical Strikes . | . . . . . . Average Slot Usage (%) 97 | . 99 93 100 99 95 Engine 4 | . 14 1 . 4 1 Core 9 | . . 12 14 9 6 Treads 27 | . 26 27 28 28 26 Device 12 | . 13 8 14 13 11 Storage 13 | . 14 14 14 14 9 Energy Gun 2 | . 5 1 . . 6 Ballistic Gun 23 | . 22 24 28 27 3 Peak Build Rating 33 | 6 12 13 14 14 33 Average Rating 13 | 4 10 11 13 13 27 On Entrance 9 | . 6 11 13 14 12 Naked Turns . | . . . . . . Heaviest Build 58 | 11 49 49 48 48 58 Greatest Support 66 | 20 46 46 46 43 66 Greatest Overweight (x) 1 | . 1 1 1 1 1 Average Overweight (x) . | . . . 1 1 . Largest Inventory Capacity 20 | 8 20 20 20 20 20 Average Capacity 18 | 6 16 20 20 20 20 Most Carried 20 | 4 15 17 18 20 20 Average Carried 15 | 2 12 13 16 18 18 Final Capacity 20 | 8 20 20 20 20 20 Final Carried 19 | 4 13 15 17 18 19 Class Distribution -------------------- 63% | Mutant 36% | Scavenger-Mutant Dominant Class ---------------- Mutant | -10/Materials Mutant | -10/Mines Mutant | -10/Exiles Scavenger-Mutant | -9/Mines Scavenger-Mutant | -8/Materials Resources | -11 -10 -10 -10 -9 -8 ----------- Run | Yrd Mat Min Exi Min Mat Matter Collected 1492 | 234 276 129 12 117 724 Remotely . | . . . . . . Salvage Created 1799 | . 683 174 96 253 593 Parts 105 | . 46 14 8 15 22 Haulers Intercepted 3 | . 2 . . . 1 Recyclers Shooed 2 | . 1 . . . 1 Parts Field Recycled . | . . . . . . Retrieved Matter . | . . . . . . Parts Self-Destructed . | . . . . . . Prevented . | . . . . . . Kills | -11 -10 -10 -10 -9 -8 ------- Run | Yrd Mat Min Exi Min Mat Combat Hostiles Destroyed 48 | . 16 6 . 10 16 Guns 31 | . 16 6 . 6 3 Cannons 9 | . . . . . 9 AOE 8 | . . . . 4 4 Classes Destroyed 11 | . 6 . . 1 4 Worker 1 | . . . . . 1 Builder 1 | . 1 . . . . Hauler 3 | . 2 . . . 1 Operator 1 | . 1 . . . . Watcher 3 | . 2 . . . 1 Swarmer 15 | . 6 3 . 6 . Grunt 27 | . 10 3 . 3 11 Brawler 2 | . . . . 1 1 Duelist 1 | . . . . . 1 Sentry 2 | . . . . . 2 Hunter 1 | . . . . . 1 Best Kill Streak 6 | . 4 3 . 4 6 Combat Bots Only 4 | . 3 3 . 4 4 Max Kills in Single Turn 2 | . 1 1 . 2 2 Gunslinging . | . . . . . . Exploded 2 | . . . . 2 2 Melee . | . . . . . . Uniques/NPCs Destroyed . | . . . . . . Combat | -11 -10 -10 -10 -9 -8 -------- Run | Yrd Mat Min Exi Min Mat Hostile Shots Fired 253 | . 70 41 . 40 102 Missed 56 | . 18 9 . 10 19 Damage Taken 2572 | . 493 334 . 319 1426 Core 429 | . 61 72 . 72 224 Absorbed by Shields 232 | . 188 44 . . . Redirected to Shielding 103 | . . . . . 103 Core Remaining (%) 59 | 100 . . . 18 . Volleys Fired 196 | . 72 30 6 29 59 Largest 2 | . 2 2 2 2 2 Hottest 104 | . 60 40 40 40 104 Shots Fired 360 | . 142 40 12 56 110 Gun 300 | . 142 40 12 54 52 Cannon 52 | . . . . . 52 Launcher 8 | . . . . 2 6 Special . | . . . . . . Kinetic 288 | . 119 40 12 54 63 Thermal 41 | . . . . . 41 Explosive 8 | . . . . 2 6 Electromagnetic 23 | . 23 . . . . Robot Hit Streak 19 | . 10 14 11 9 19 Robot Miss Streak 5 | . 5 3 1 3 4 Penetration Max . | . . . . . . Secondary Targets 3 | . 2 . . 1 . Max Gunslinging Chain 1 | . 1 . . 1 . Shots Hit Robots 250 | . 92 29 11 41 77 Core Hits 116 | . 45 13 4 16 38 Critical Kills 1 | . . . . 1 . Critical Parts Destroyed 1 | . . . . 1 . Critical Strikes 8 | . 1 . . 2 5 Burn 2 | . . . . . 2 Destroy 2 | . . . . 2 . Blast 3 | . . . . . 3 Corrupt 1 | . 1 . . . . Melee Attacks 4 | . . 4 . . . Impact . | . . . . . . Slashing 4 | . . 4 . . . Piercing . | . . . . . . Sneak Attacks . | . . . . . . Combat Hostiles . | . . . . . . Follow-up Attacks . | . . . . . . Damage Inflicted 3952 | . 937 248 93 457 2217 Guns 2047 | . 871 227 93 304 552 Cannons 1029 | . . . . . 1029 Explosions 843 | . 54 . . 153 636 Melee . | . . . . . . Ramming 33 | . 12 21 . . . Kinetic 2395 | . 654 227 93 304 1117 Thermal 464 | . . . . . 464 Explosive 843 | . 54 . . 153 636 Electromagnetic 217 | . 217 . . . . Impact . | . . . . . . Slashing . | . . . . . . Piercing . | . . . . . . Highest Corruption 4 | . . . . 4 . Average Corruption 4 | . . . . 4 . Corruption Purged . | . . . . . . Corruption Blocked . | . . . . . . Effects 6 | . . . . 6 . Message Errors 2 | . . . . 2 . Matter Fused 3 | . . . . 3 . Energy Discharges 1 | . . . . 1 . Overload Shots . | . . . . . . Overflow Damage 43 | . . . . 22 21 Projectiles 10 | . . . . . 10 Explosions 33 | . . . . 22 11 Melee . | . . . . . . Knockbacks 10 | . . 1 . . 9 Impact 1 | . . 1 . . . Kinetic 9 | . . . . . 9 Secondary . | . . . . . . Self-Inflicted Damage 177 | . 93 . . . 84 Shots 2 | . 1 . . . 1 Rammed 12 | . 7 5 . . . Targets Rammed 12 | . 7 5 . . . Kicked . | . . . . . . Crushed . | . . . . . . Highest Temperature 135 | . 80 9 . 28 135 Average Temperature 36 | . 22 5 . 11 60 Received Heat Transfer 1019 | . 180 155 . 108 576 Siege Activations . | . . . . . . Robots Corrupted . | . . . . . . Combat Hostiles . | . . . . . . Parts Fried 1 | . 1 . . . . Impact Corruptions . | . . . . . . Robots Melted . | . . . . . . Combat Hostiles . | . . . . . . Parts Melted . | . . . . . . Heat Transferred 1221 | . . . . . 1221 Parts Sabotaged . | . . . . . . Parts Stolen . | . . . . . . Parts Stripped . | . . . . . . Power Chain Reactions . | . . . . . . Alert | -11 -10 -10 -10 -9 -8 ------- Run | Yrd Mat Min Exi Min Mat Peak Influence 350 | . 227 117 . 200 350 Initial 37 | . . 37 . . 20 Average 77 | . 88 27 . 86 165 Maximum Alert Level 1 | . 1 . . 1 1 Low Security (%) 93 | 100 98 100 . 97 58 Level 1 6 | . 1 . . 2 41 Level 2 . | . . . . . . Level 3 . | . . . . . . Level 4 . | . . . . . . Level 5 . | . . . . . . High Security . | . . . . . . Max Security . | . . . . . . Squads Dispatched 6 | . 2 . . . 4 Investigation 2 | . 1 . . . 1 Extermination . | . . . . . . Reinforcement 2 | . 1 . . . 1 Assault . | . . . . . . Garrison 2 | . . . . . 2 Intercept . | . . . . . . Searches Triggered . | . . . . . . Construction Impeded . | . . . . . . Haulers Reinforced . | . . . . . . Active Scanning Responses . | . . . . . . Cargo Convoy Interrupts . | . . . . . . Stealth | -11 -10 -10 -10 -9 -8 --------- Run | Yrd Mat Min Exi Min Mat Distress Signals 1 | . . . . . 1 Communications Jammed . | . . . . . . Distress Signals . | . . . . . . Times Spotted 75 | . 26 8 . 18 23 Peak Tracking Total 5 | . 4 3 . 4 5 Tactical Retreats 12 | . 3 . . 6 3 Traps | -11 -10 -10 -10 -9 -8 ------- Run | Yrd Mat Min Exi Min Mat Traps Triggered 3 | . 3 . . . . Indirectly . | . . . . . . Trap Hack Attempts . | . . . . . . Triggered . | . . . . . . Disarmed . | . . . . . . Reprogrammed . | . . . . . . Reused . | . . . . . . Traps Extracted . | . . . . . . Installed . | . . . . . . Triggered . | . . . . . . Objects Rigged 4 | . . . . . 4 Machines | -11 -10 -10 -10 -9 -8 ---------- Run | Yrd Mat Min Exi Min Mat Machines Disabled 3 | . 2 . . . 1 Max in Single Turn 2 | . 2 . . . 1 Machines Repaired . | . . . . . . Machines Dismantled . | . . . . . . Machines Sabotaged . | . . . . . . Overloaded Fab Kills . | . . . . . . Hacking | -11 -10 -10 -10 -9 -8 --------- Run | Yrd Mat Min Exi Min Mat Machines Accessed 14 | . 7 . 4 . 3 Terminals 8 | . 6 . . . 2 Fabricators . | . . . . . . Repair Stations 1 | . 1 . . . . Recycling Units . | . . . . . . Scanalyzers . | . . . . . . Garrison Access 1 | . . . . . 1 Total Hacks 65 | . 19 . 32 . 14 Successful 44 | . 9 . 32 . 3 Failed 20 | . 9 . . . 11 Catastrophic 3 | . 2 . . . 1 Database Lockouts 1 | . 1 . . . . Manual 20 | . 15 . 1 . 4 Terminals 28 | . 17 . . . 11 Fabricators . | . . . . . . Repair Stations 2 | . 2 . . . . Recycling Units . | . . . . . . Scanalyzers . | . . . . . . Garrison Access 3 | . . . . . 3 Terminal Hacks 37 | . 4 . 32 . 1 Record 31 | . . . 31 . . Robot Analysis 2 | . 2 . . . . Prototype ID Bank 1 | . 1 . . . . Unreport Threat 2 | . 1 . . . 1 Derelict Proto ID Bank 1 | . . . 1 . . Fabricator Hacks . | . . . . . . Repair Station Hacks 1 | . 1 . . . . Scan Component 1 | . 1 . . . . Recycling Unit Hacks . | . . . . . . Scanalyzer . | . . . . . . Garrison Access Hacks . | . . . . . . Unauthorized Hacks 6 | . 4 . . . 2 Terminals 6 | . 4 . . . 2 Track 1 | . 1 . . . . Assimilate 1 | . 1 . . . . Botnet 3 | . 1 . . . 2 Operators 1 | . 1 . . . . Fabricators . | . . . . . . Repair Stations . | . . . . . . Recycling Units . | . . . . . . Scanalyzers . | . . . . . . Garrison Access . | . . . . . . Data Cores Recovered . | . . . . . . Used . | . . . . . . Hacking Detections 8 | . 5 . . . 3 Full Trace Events 1 | . . . . . 1 Feedback Events . | . . . . . . Feedback Blocked . | . . . . . . Robot Schematics Acquired . | . . . . . . Robots Built . | . . . . . . Authchips . | . . . . . . Time . | . . . . . . Total Robot Build Rating . | . . . . . . Part Schematics Acquired . | . . . . . . Parts Built . | . . . . . . Authchips . | . . . . . . Time . | . . . . . . Total Part Build Rating . | . . . . . . Parts Repaired . | . . . . . . Time . | . . . . . . Parts Recycled . | . . . . . . Recycled Matter . | . . . . . . Retrieved Matter . | . . . . . . Retrieved Components . | . . . . . . Parts Scanalyzed . | . . . . . . Part Schematics Acquired . | . . . . . . Parts Damaged . | . . . . . . Bothacking | -11 -10 -10 -10 -9 -8 ------------ Run | Yrd Mat Min Exi Min Mat Used RIF Installer . | . . . . . . Robots Hacked . | . . . . . . Non-combat . | . . . . . . Combat . | . . . . . . Robot Hacks Applied . | . . . . . . Relay Couplers Released . | . . . . . . Fabnet Peak Effective % . | . . . . . . Robots Rewired 2 | . . . 2 . . Allies Hacked . | . . . . . . Hacks Repelled . | . . . . . . Allies | -11 -10 -10 -10 -9 -8 -------- Run | Yrd Mat Min Exi Min Mat Total Allies 7 | . . 5 2 . . Largest Group 5 | . . 5 2 2 . Highest-Rated Group 82 | . . 82 29 29 . Highest-Rated Ally 31 | . . 31 21 21 . Total Orders . | . . . . . . Ally Attacks 47 | . . 35 . 12 . Total Damage 573 | . . 391 . 182 . Kills 11 | . . 6 . 5 . Allies Corrupted . | . . . . . . Allies Melted . | . . . . . . Intel | -11 -10 -10 -10 -9 -8 ------- Run | Yrd Mat Min Exi Min Mat Robot Analysis Total 2 | . 2 . . . . Derelict Logs Recovered 2 | . . 1 . 1 . Drone Launches . | . . . . . . Drone Recoveries . | . . . . . . Exploration | -11 -10 -10 -10 -9 -8 ------------- Run | Yrd Mat Min Exi Min Mat Turns Passed 7467 | 75 1682 1714 2112 1217 667 Spaces Moved 3094 | 57 791 659 861 465 261 Core 10 | 10 . . . . . Treads 2988 | . 742 659 861 465 261 Legs 96 | 47 49 . . . . Wheels . | . . . . . . Hover . | . . . . . . Flight . | . . . . . . Fastest Speed 50 | 50 120 160 240 240 160 Average Speed 214 | 107 175 238 240 240 160 Slowest Speed 240 | 120 240 240 240 240 240 Overloaded Moves . | . . . . . . Propulsion Burnouts . | . . . . . . Robots Hopped . | . . . . . . Cave-ins Triggered . | . . . . . . Exploration Rate (%) 62 | 3 89 92 95 73 22 Regions Visited 5 Branch Regions 3 Pre-discovered Areas 3 | . . 2 1 . . Known Exits Taken 1 | . . . . 1 . Unknown Exits Taken 4 | 1 1 1 1 . . Scrap Searched 3 | . . 1 . 2 . Spaces Dug . | . . . . . . Terrain Destroyed 102 | . 33 . . 13 56 Melee . | . . . . . . Projectile 11 | . . . . . 11 AOE 91 | . 33 . . 13 45 Terrain Rammed . | . . . . . . Walls Destroyed . | . . . . . . Machines Disabled . | . . . . . . Actions | -11 -10 -10 -10 -9 -8 --------- Run | Yrd Mat Min Exi Min Mat Total 3595 | 67 962 750 898 518 400 Wait 154 | . 63 34 . 14 43 Move 3089 | 56 790 658 860 464 261 Hop . | . . . . . . Pick Up 30 | 4 10 4 4 . 8 Fast Attach 20 | 6 6 3 . 1 4 Attach 8 | . 1 1 . . 6 Detach 1 | . . . . . 1 Swap 32 | 1 7 7 2 8 7 Drop 22 | . 6 4 3 2 7 Fire 196 | . 72 30 6 29 59 Melee 4 | . . 4 . . . Ram . | . . . . . . Kick . | . . . . . . Crush 12 | . 7 5 . . . Escape Stasis . | . . . . . . Rewire 23 | . . . 23 . . Trap 4 | . . . . . 4 Miscellaneous . | . . . . . . Route ------- -11/Scrapyard -10/Materials (discovered 3 exits: [*Mat x2] / [*Min]) -10/Mines (discovered 3 exits: [*Mat x2] / *Exi) -10/Exiles (discovered 2 exits: [*Min x2]) -9/Mines -8/Materials History --------- Turn | Location | Event 4 | -11/Scrapyard | Discovered new exit (range 13) 76 | -11/Scrapyard | Entered Materials 303 | -10/Materials | Build established: Mutant 708 | -10/Materials | Discovered new exit (range 10) 805 | -10/Materials | Central database locked down 837 | -10/Materials | Discovered new exit (range 5) 1148 | -10/Materials | Discovered new exit (range 14) 1758 | -10/Materials | Entered Mines 1969 | -10/Mines | Lost 4 parts (1p1n1u1w) 2222 | -10/Mines | Learned location of Storage (-8) 2377 | -10/Mines | Found a hidden stash of uninstalled traps 2409 | -10/Mines | Learned location of Zion (-7) 2421 | -10/Mines | Discovered new exit (range 9) 2445 | -10/Mines | Assisted by bots powering up and referring to "LRC-V3" 2469 | -10/Mines | Excavation squad dispatched 2469 | -10/Mines | A large section of the Mines collapsed 2507 | -10/Mines | Lost 3 allies 2774 | -10/Mines | Received a Rocket Launcher from a helpful Derelict 3186 | -10/Mines | Discovered new exit (range 7) 3213 | -10/Mines | Core integrity fell below 50% 3460 | -10/Mines | Deemed a non-threat by the Exiles lab entrance 3463 | -10/Mines | Discovered new exit (range 5) 3472 | -10/Mines | Entered Exiles 3472 | -10/Exiles | Found Exiles lab destroyed 3823 | -10/Exiles | Opened EX-Vault 3832 | -10/Exiles | Found PSU Rigger 4877 | -10/Exiles | Build established: Scavenger-Mutant 5204 | -10/Exiles | Discovered new exit (range 14) 5495 | -10/Exiles | Discovered new exit (range 14) 5584 | -10/Exiles | Entered Mines 5584 | -9/Mines | Accompanied by 2 allies 6012 | -9/Mines | Identified exit to Materials 6498 | -9/Mines | Core integrity fell below 20% 6801 | -9/Mines | Entered Materials 6801 | -8/Materials | Evolved 4 slots: Propulsion x1, Utility x3 7119 | -8/Materials | Garrison activated, responded to threat 7445 | -8/Materials | Garrison activated, responded to threat 7468 | -8/Materials | Self-destructed Last Messages --------------- 07442_ Destroyed Lgt. Nuclear Core. 07445_ K-01 Serf collects debris. 07445_ G-47 Trooper calls for garrison reinforcements. 07445_ ALERT: Activating Garrison Access M001. 07445_ G-47 Trooper destroyed. 07447_ R-06 Scavenger collects Lgt. Nuclear Core. 07448_ R-06 Scavenger collects Particle Gun. 07448_ K-01 Serf destroyed. 07451_ L-31 Rogue knocked back. 07452_ R-06 Scavenger collects Lgt. Ion Engine. 07453_ R-06 Scavenger collects Wheel. 07454_ L-31 Rogue knocked back. 07462_ Imp. Treads destroyed. 07463_ Destroyed Imp. Aluminum Leg. 07463_ L-31 Rogue knocked back. 07466_ Adv. Assault Cannon destroyed. 07466_ L-31 Rogue destroyed. 07468_ K-01 Serf collects debris. Map ----- +----------------------------------------------------+ | ???# + T ####### #?????????? | | ???# # %# ## #?????????? | | ???# # # ## #?????????? | | ???# ## %%## ## #?????????? | | ???# ##% ## ## #?????????? | | ???# ## ## ## #?????????? | | ???############ ## ## #####?????? | | ????########### ## ## #?????? | | ???## = T ## ## # #?????? | | ???## ## ## ## !#?????? | | ???## # ###+### !!#?????? | | ????# # #####?? | | ????# + ]]# #?? | | ????# """ # #### # ##? | | ????# """ #% ####### # #? | | ????# """ # #+####### # % # #? | | ????# # # % #^ # ###? | | ????########## #%!! ##^^!+ ###? | | ?????????????# # ! """ ## # #?? | | ?????????????# # """ ## # #?# | | ?????????????# # """ ## ######### # | | ?????????????# # ## # ]# | | ?????????????# #]%% ## r#% "" # | | ? ""????????# # % ## ; "G % # | | ###### #####+#####b %+ "" % # | | @% %; % """ # | | k %%! %""" # | | o r #!! % """ # | | #+######+######+########## #/ % # | | ????????????#] #?????# ########### | | ????????????# ! #?????# #?????????? | | ????????????# #?????# #?????????? | | ????????????# #?????# %#?????????? | | ????????????#! #?????# ;?????????? | | ????????????# #?????# r#?????????? | | ????????????########?????# #?????????? | | ?????????????????????????# #?????????? | | ?????????????????????????? ^ ?????????? | | ?????????????????????????? ?????????? | | ?????????????????????????? ?????????? | | ?????????????????????????? ????????? | | ?????????????????????????? ????????? | | ?????????????????????????? ????????? | | ?????????????????????????? ??????????? | | ???????????????????????????????????????? | | ???????????????????????????????????????? | | ???????????????????????????????????????? | | ???????????????????????????????????????? | | ???????????????????????????????????????? | | ???????????????????????????????????????? | +----------------------------------------------------+ Best States ------------- Heat Dissipation 41 Energy Generation 14 Energy Capacity 250 Matter Stores 300 Matter Capacity 300 Sight Range 16 Terrain Scan Density 10 Armor Coverage 150 Propulsion Shielding 66 Evasion (%) 55 Recoil Reduction 3 Defensive Hacking 11 Item Schematics ----------------- None Robot Schematics ------------------ None Fabricated ------------ Nothing Alien Tech Used ----------------- None Achievements -------------- None Challenges ------------ None Game ------ Seed TransportClaymoresCharger Manual? 0 Play Time 00:30:24 Cumulative 40.2 hours Start 2024.09.15 @ 10:06:35 End 2024.09.15 @ 10:49:31 Sessions 1 Manual Loads 0 Difficulty Rogue Special Mode None Game No. 73 Rogue 73 Adventurer 0 Explorer 0 Win Type - Total 0 Types 0/0/0/0/0/0/0/0/0 Lore% 14 Gallery% 34 Achievement% 30 Wizard Run 0 Options --------- Layout 1 ASCII 0 Keyboard 1 Movement Numpad Keybinds 0 Fullscreen 1 Font 24/Smallcaps Map View 50x35 Zoom Use 0% Tactical HUD 1 Map Filters NONE Filters NONE Steam 1 RUN: 9f8fafd4-193c-4876-9a2d-5f102d286ace